 Dungeon Crawl Stone Soup version 0.27-a0-287-gd4424db430 (webtiles) character file.

Game seed: 5602911997340696327

19503 HoaS the Cruncher (level 12, -10/62 HPs)
             Began as a Gargoyle Gladiator on Feb 8, 2021.
             Was the Champion of Okawaru.
             Mangled by a komodo dragon (19 damage)
             ... on level 3 of the Lair of Beasts.
             The game lasted 00:30:30 (13105 turns).

HoaS the Cruncher (Gargoyle Gladiator)             Turns: 13105, Time: 00:30:31

Health: -10/62     AC: 28    Str: 21    XL:     12   Next: 69%
Magic:  18/18      EV:  6    Int:  9    God:    Okawaru [******]
Gold:   940        SH:  5    Dex: 13    Spells: 11/11 levels left

rFire    . . .     SeeInvis .   w - +1 quarterstaff (freeze)
rCold    . . .     Faith    .   (shield currently unavailable)
rNeg     + . .     Spirit   .   K - +0 plate armour
rPois    ∞         Reflect  +   c - +2 helmet
rElec    +         Harm     .   (no cloak)
rCorr    +         Rampage  .   (no gloves)
Will     .....                  A - +2 pair of boots
Stlth    ..........             M - amulet of reflection
HPRegen  0.20/turn              t - ring of resist corrosion
MPRegen  0.16/turn              I - +4 ring of protection

@: slowed, very slow
A: negative energy resistance 1, electricity resistance, unbreathing,
petrification resistance, miasma immunity, AC +8
a: Renounce Religion, Heroism, Finesse


You were on level 3 of the Lair of Beasts.
You worshipped Okawaru.
Okawaru was exalted by your worship.
You visited 3 branches of the dungeon, and saw 14 of its levels.

You collected 940 gold pieces.

Inventory:

Hand Weapons
 q - the +11 longbow of Malaise {vorpal, rPois rF+ rN+ Str-4}
   (Okawaru gifted it to you on level 1 of the Lair of Beasts)

   Any arrow fired from it inflicts extra damage.
   It affects your strength (-4).
   It protects you from fire.
   It protects you from poison.
   It protects you from negative energy.
 w - a +1 quarterstaff of freezing (weapon)
Missiles
 i - 351 arrows
 J - a throwing net (quivered)
Armour
 c - a +2 helmet (worn)
 A - a +2 pair of boots (worn)
 K - a +0 plate armour (worn)
Jewellery
 p - an uncursed ring of ice
 s - an uncursed ring of magical power {unknown}
 t - a ring of resist corrosion (left hand)
 u - an uncursed ring of fire
 v - a +6 ring of dexterity
 B - an uncursed ring of fire
 E - a +6 ring of strength
 I - a +4 ring of protection (right hand)
 M - an amulet of reflection (around neck)
Wands
 d - a wand of flame (25)
 f - a wand of iceblast (12)
 D - a wand of random effects (15)
 G - a wand of polymorph (21)
 H - a wand of mindburst (14)
 L - a wand of paralysis (11)
 N - a wand of digging (5)
Scrolls
 l - 2 scrolls of fear
 m - 6 scrolls of remove curse
 o - a scroll of fog
 y - a scroll of enchant armour
 F - 3 scrolls of enchant weapon
Potions
 a - 2 potions of degeneration {unknown}
 b - 2 potions of heal wounds {unknown}
 e - 4 potions of flight
 g - a potion of resistance {unknown}
 h - 4 potions of invisibility
 j - 3 potions of curing
 k - 3 potions of lignification
 n - 3 potions of brilliance {unknown}
 r - 5 potions of haste
 x - 2 potions of berserk rage {unknown}
 z - 2 potions of mutation {unknown}
 C - 2 potions of attraction {unknown}
 P - 2 potions of cancellation {unknown}


   Skills:
 - Level 2.1 Fighting
 - Level 14.0 Staves
 * Level 12.4 Bows
 - Level 1.7 Throwing
 - Level 2.4 Dodging
 - Level 9.0 Invocations


You had 11 spell levels left.
You didn't know any spells.
Your spell library contained the following spells:

 Spells                   Type           Power        Failure   Level
 Foxfire                  Conj/Fire      0%           100%        1
 Confusing Touch          Hex            0%           100%        3
 Stone Arrow              Conj/Erth      0%           100%        3
 Bolt of Magma            Conj/Fire/Erth 0%           100%        5
 Yara's Violent Unravell  Hex/Tmut       0%           100%        5


Dungeon Overview and Level Annotations

Branches:
Dungeon (10/15)            Temple (1/1) D:5            Lair (3/6) D:9
  Swamp: Lair:2-4    Shoals: Lair:2-4     Snake: Lair:2-4    Spider: Lair:2-4
    Orc: D:9-12

Altars:
Ashenzari
Cheibriados
Dithmenos
Elyvilon
Fedhas
Gozag
Hepliaklqana
Kikubaaqudgha
Makhleb
Nemelex Xobeh
Okawaru
Qazlal
Ru
Sif Muna
Trog
Uskayaw
Vehumet
Wu Jian
Xom
Yredelemnul
Zin
The Shining One

Shops:
D:5 (


Innate Abilities, Weirdness & Mutations

You are resistant to torment.
Your stone body is resilient. (AC +8)
You are immune to poison.
You resist negative energy. (rN+)
You are resistant to electric shocks. (rElec)
You can survive without breathing.
You are immune to petrification.
You are immune to miasma.


Message History

The komodo dragon is no longer moving slowly.
You hit the komodo dragon but do no damage.
The komodo dragon is moderately wounded.
The komodo dragon bites you but does no damage.
Being near the torpor snail leaves you feeling lethargic.
You closely miss the komodo dragon.
The komodo dragon is moderately wounded.
The komodo dragon barely misses you.
You closely miss the komodo dragon.
The komodo dragon is moderately wounded.
The komodo dragon barely misses you.
You feel better.
You feel yourself speed up.
Being near the torpor snail leaves you feeling lethargic.
The komodo dragon bites you.
* * * LOW HITPOINT WARNING * * *
You hit the komodo dragon. You freeze the komodo dragon.
The komodo dragon is heavily wounded.
The komodo dragon bites you!!
You die...

♣.♣♣ #♣.≈.♣# #.≈≈≈.#
#.≈≈≈.# #### ######
.≈≈≈.# ♣♣w.. ♣....♣♣
.≈≈≈.# .♣♣....
♣.♣....♣♣♣≈≈≈♣#
......l♣♣♣♣♣.......≈≈≈.#
♣....♣@♣.♣....♣♣♣≈≈≈♣#
♣..wl♣.♣....♣♣#.≈≈≈.#
######.###### #.≈≈≈.#
♣.♣ #.≈≈≈.# ..♣ #.≈≈≈.#
..[ #♣.≈.♣# .♣♣. ♣♣.♣♣ ♣
♣ ##∩## ##...##


You could see a torpor snail and a komodo dragon.

Vanquished Creatures
  3 hydras
  Harold (D:9)
  Erica (D:9)
  2 two-headed ogres
  Pikel (D:9)
  An oklob plant (Lair:1)
  7 cane toads
  8 komodo dragons
  A troll (D:9)
  A hornet (D:10)
  Prince Ribbit (D:5)
  2 wyverns
  25 yaks
  Eustachio (D:5)
  A basilisk (Lair:2)
  The ghost of bmj180 the Conjurer, an amateur DrCj (D:3)
  8 water moccasins
  2 ice beasts
  A hornet zombie (D:10)
  An orc warrior (D:9)
  2 sky beasts
  4 black bears
  3 ogres (D:9)
  A wolf (Lair:2)
  7 centaurs
  2 phantoms
  A lemure (D:9)
  A kobold brigand (D:9)
  Blork the orc (D:6)
  11 bullfrogs
  A wyvern skeleton (D:10)
  A scorpion (D:9)
  A water moccasin skeleton (D:7)
  3 howler monkeys
  An electric eel (Lair:3)
  A bullfrog zombie (D:8)
  A centaur zombie (D:9)
  4 jellies
  A quasit (D:7)
  3 hounds
  A bullfrog skeleton (D:9)
  2 orc priests (D:7)
  3 centaur skeletons
  Natasha (thrice) (D:4)
  2 iguanas
  5 orc wizards
  8 worker ants
  2 hound zombies
  2 hound skeletons
  A worker ant zombie (D:7)
  Robin (D:2)
  7 gnolls
  10 adders
  4 shadow imps
  5 white imps
  4 ufetubi
  4 leopard geckos
  16 orcs
  A ball python (D:2)
  3 giant cockroaches
  13 goblins
  13 hobgoblins
  10 jackals
  5 quokkas
  8 bats
  4 frilled lizards
  12 kobolds
  A leopard gecko skeleton (D:7)
  A quokka skeleton (D:4)
  7 rats
277 creatures vanquished.

Vanquished Creatures (others)
  20 fungi
  24 plants
44 creatures vanquished.

Grand Total: 321 creatures vanquished

Notes
Turn   | Place    | Note
-------+----------+-------------------------------------------
     0 | D:1      | HoaS the Gargoyle Gladiator began the quest for the Orb.
     0 | D:1      | Reached XP level 1. HP: 12/12 MP: 1/1
   276 | D:1      | Reached XP level 2. HP: 17/17 MP: 2/2
   546 | D:1      | Reached skill level 1 in Bows
   815 | D:1      | Reached XP level 3. HP: 9/21 MP: 3/3
  1277 | D:2      | Reached skill level 4 in Staves
  1391 | D:2      | Reached XP level 4. HP: 26/26 MP: 4/4
  1444 | D:2      | Noticed Robin
  1452 | D:2      | Killed Robin
  2056 | D:3      | Reached skill level 5 in Staves
  2084 | D:3      | Reached XP level 5. HP: 27/30 MP: 5/5
  2172 | D:3      | Found a runed translucent gate.
  2172 | D:3      | Found a runed translucent gate.
  2172 | D:3      | Found a runed translucent gate.
  2175 | D:3      | Noticed bmj180's ghost (amateur DrCj)
  2701 | D:4      | Noticed Natasha
  2706 | D:4      | Killed Natasha
  2717 | D:4      | Reached skill level 6 in Staves
  2717 | D:4      | Reached XP level 6. HP: 31/35 MP: 6/6
  3043 | D:4      | Noticed Natasha
  3050 | D:4      | Killed Natasha
  3166 | D:4      | Noticed Natasha
  3174 | D:4      | Killed Natasha
  3175 | D:4      | Reached skill level 7 in Staves
  3204 | D:4      | Reached XP level 7. HP: 29/40 MP: 7/7
  3390 | D:5      | Entered Level 5 of the Dungeon
  3533 | D:5      | Found a staircase to the Ecumenical Temple.
  3535 | D:5      | Noticed Prince Ribbit
  3561 | D:5      | Found Sucen's Antique Weapon Shoppe.
  4102 | Temple   | Entered the Ecumenical Temple
  4387 | Temple   | Became a worshipper of Warmaster Okawaru
  4409 | D:5      | Reached skill level 8 in Staves
  4448 | D:5      | Noticed Eustachio
  4465 | D:5      | Killed Eustachio
  4784 | D:5      | Found a glowing golden altar of the Shining One.
  4814 | D:5      | Reached * piety under Okawaru
  5141 | D:6      | Reached skill level 9 in Staves
  5141 | D:6      | Reached XP level 8. HP: 37/44 MP: 8/8
  5209 | D:5      | Killed Prince Ribbit
  5308 | D:6      | Noticed Blork the orc
  5321 | D:6      | Killed Blork the orc
  5362 | D:6      | Noticed a two-headed ogre
  5388 | D:6      | Killed a two-headed ogre
  5388 | D:6      | Reached ** piety under Okawaru
  5389 | D:6      | Reached skill level 10 in Staves
  5389 | D:6      | Reached XP level 9. HP: 30/48 MP: 10/12
  5542 | D:6      | Found a white marble altar of Elyvilon.
  5665 | D:6      | Reached skill level 11 in Staves
  6105 | D:7      | Reached *** piety under Okawaru
  6580 | D:7      | Found an ornate altar of the Wu Jian Council.
  6740 | D:7      | Reached skill level 12 in Staves
  7526 | D:8      | Reached **** piety under Okawaru
  7527 | D:8      | Reached XP level 10. HP: 53/53 MP: 13/13
  7612 | D:9      | Noticed Pikel
  7632 | D:9      | Killed Pikel
  7633 | D:9      | Reached skill level 13 in Staves
  7662 | D:9      | Found a sacrificial altar of Ru.
  7746 | D:9      | Noticed Erica
  7790 | D:9      | HP: 1/53 [Erica/iceblast (10)]
  7804 | D:9      | HP: 2/53 [ogre/+0 giant club (1)]
  8147 | D:9      | Killed Erica
  8460 | D:9      | Reached skill level 14 in Staves
  8607 | D:9      | Found a white marble altar of Elyvilon.
  8841 | D:9      | Noticed Harold
  8870 | D:9      | Killed Harold
  8870 | D:9      | Reached ***** piety under Okawaru
  8871 | D:9      | Reached skill level 5 in Bows
  9125 | D:9      | Found a staircase to the Lair.
  9288 | D:9      | Received a gift from Okawaru
  9315 | D:10     | Entered Level 10 of the Dungeon
  9326 | D:9      | Reached XP level 11. HP: 42/57 MP: 14/14
  9433 | D:9      | Reached skill level 5 in Invocations
  9675 | D:3      | Killed bmj180's ghost
  9921 | D:10     | Received a gift from Okawaru
 10213 | D:10     | Noticed a two-headed ogre
 10227 | D:10     | Killed a two-headed ogre
 10460 | Lair:1   | Entered Level 1 of the Lair of Beasts
 10807 | Lair:1   | Reached ****** piety under Okawaru
 10824 | Lair:1   | Received a gift from Okawaru
 11157 | Lair:1   | Noticed an oklob plant
 11196 | Lair:1   | Killed an oklob plant
 11196 | Lair:1   | Received a gift from Okawaru
 11197 | Lair:1   | Reached skill level 10 in Bows
 11200 | Lair:1   | Got a dazzling longbow {god gift}
 11201 | Lair:1   | Identified the +11 longbow of Malaise {vorpal, rPois rF+
                  | rN+ Str-4} (Okawaru gifted it to you on level 1 of the Lair
                  | of Beasts)
 11633 | Lair:2   | Reached XP level 12. HP: 62/62 MP: 17/17
 11702 | Lair:2   | Noticed a six-headed hydra
 11710 | Lair:2   | Killed a six-headed hydra
 11842 | Lair:2   | Identified the Compendium of Fetching Attacks
 11868 | Lair:2   | Found a dark tunnel.
 11989 | Lair:2   | Received a gift from Okawaru
 12666 | Lair:3   | Noticed a six-headed hydra
 13001 | Lair:2   | Killed a six-headed hydra
 13086 | Lair:3   | Noticed a five-headed hydra
 13096 | Lair:3   | Killed a five-headed hydra
 13096 | Lair:3   | Received a gift from Okawaru
 13105 | Lair:3   | Mangled by a komodo dragon

Illustrated notes

Levels and vault maps discovered:
D:1:      minmay_arrival_loop, layout_basic, serial_glass, glass_columns_a,
          glass_columns_c, glass_columns_b, glass_columns_b, glass_columns_a,
          glass_columns_a, item_on_display_a, serial_bayou_ford_a
D:2:      layout_loops_ring, minmay_misc_feat_hallway, uniq_robin
D:3:      layout_rooms, ebering_ghost_rock_garden
D:4:      layout_basic, uniq_natasha
D:5:      layout_loops_ring, lemuel_doored_altar, minmay_temple_entry_slanted,
          serial_shops, shop, chequers_serial_rivers_micro_e, minivault_27,
          uniq_prince_ribbit1, uniq_eustachio
D:6:      layout_loops_cross, basic_altar, kennysheep_generic_room_10,
          uniq_blork_the_orc
D:7:      layout_basic, lemuel_centaur_altar
D:8:      layout_basic
D:9:      layout_loops_ring, grunt_lair_entry_orc_guard_hut, basic_altar,
          nicolae_ru_the_path_less_chosen, uniq_erica, uniq_pikel, uniq_harold
D:10:     layout_cave_pools
Temple:   nicolae_temple_the_god_donut
Lair:1:   layout_long_grid, grunt_megastairs_2, minmay_lair_oklob_chamber
Lair:2:   layout_roguey, nicolae_volcano_entry_hallway, beast_lair_carwin_1,
          serial_bayou_shore_b, serial_bayou_shore_b, grunt_megastairs_4
Lair:3:   nzn_winding_woodlands_stair_trap [nzn_winding_woodlands_5x15_crooked,
          nzn_winding_woodlands_5x15_river_crossing,
          nzn_winding_woodlands_5x15_sidewinder,
          nzn_winding_woodlands_15x15_thick_spiral,
          nzn_winding_woodlands_5x15_parted, nzn_winding_woodlands_5x15_twine,
          nzn_winding_woodlands_5x15_longhouse], layout_regular_city,
          shoals_dummy_entry, minmay_snake_entry_guardpost_large,
          gammafunk_ghost_berserking_beasts, chequers_serial_rivers_micro_d

Skill      XL: |  1  2  3  4  5  6  7  8  9 10 11 12 |
---------------+-------------------------------------+-----
Bows           | 1 2 6 10 12 | 12.4
Staves         | 4 5 6 7 9 10 12 14 | 14.0
Invocations    | 4 7 9 |  9.0
Fighting       | |  2.1
Throwing       | |  1.7
Dodging        | |  2.4

Action                   |  1- 3 |  4- 6 |  7- 9 | 10-12 || total
-------------------------+-------+-------+-------+-------++-------
Melee: Quarterstaff      |   107 |   194 |   357 |   628 ||  1286
 Fire: Shortbow          |       |       |       |    44 ||    44
       Longbow           |       |       |       |    59 ||    59
Throw: Throwing net      |       |     3 |     4 |     3 ||    10
       Dart              |       |       |     3 |       ||     3
Invok: Heroism           |       |       |       |     2 ||     2
Evoke: Wand              |       |       |       |     1 ||     1
  Use: Scroll            |     3 |     3 |     9 |    11 ||    26
       Potion            |       |       |       |     1 ||     1
 Stab: Held in net/web   |       |     1 |     2 |     1 ||     4
Armor: Leather armour    |    34 |       |       |       ||    34
       Ring mail         |    12 |    39 |       |       ||    51
       Chain mail        |       |    54 |   252 |    80 ||   386
       Plate armour      |       |       |       |   241 ||   241
Dodge: Dodged            |    80 |    90 |   179 |   160 ||   509
Block: Other             |       |       |       |    23 ||    23

Table legend: (Time is in decaauts)
 A = Elapsed time spent in this place.
 B = Non-inter-level travel time spent in this place.
 C = Inter-level travel time spent in this place.
 D = Time resting spent in this place.
 E = Time spent auto-exploring this place.
 F = Levels seen in this place.
 G = Mean time per level.
                   A        B        C        D        E       F      G
               +--------+--------+--------+--------+--------+-----+--------+
         Total |  12809 |  12310 |    499 |   3001 |   6939 |  14 |  914.9 |
       Dungeon |  10045 |   9585 |    460 |   2643 |   5009 |  10 | 1004.5 |
        Temple |    297 |    285 |     12 |      0 |    272 |   1 |  297.0 |
          Lair |   2466 |   2439 |     27 |    358 |   1657 |   3 |  822.0 |
               +--------+--------+--------+--------+--------+-----+--------+

Top non-repeatable levels by time:
     D:9: 1774 daAuts
     D:5: 1479 daAuts
  Lair:2: 1426 daAuts
     D:1: 1273 daAuts
  Lair:1: 972 daAuts
     D:8: 970 daAuts
     D:6: 905 daAuts
     D:2: 894 daAuts
     D:7: 873 daAuts
     D:4: 730 daAuts
     D:3: 580 daAuts
    D:10: 563 daAuts
  Temple: 297 daAuts
  Lair:3: 67 daAuts
